 Dungeon Crawl Stone Soup version 0.17.1-2-g5865329 (webtiles) character file.

68 Tomstefer the Digger (level 4, -2/24 HPs)
             Began as a Gargoyle Earth Elementalist on Feb 8, 2016.
             Slain by an orc priest
             ... wielding a +0 dagger
              (4 damage)
             ... on level 2 of the Dungeon.
             The game lasted 00:12:10 (2195 turns).

Tomstefer the Digger (Gargoyle Earth Elementalist)  Turns: 2195, Time: 00:12:10

Health: -2/24      AC:  5    Str: 11    XL:     4   Next: 19%
Magic:  0/7        EV: 12    Int: 17    God:
Gold:   104        SH:  0    Dex: 10    Spells: 2 memorised, 4 levels left

rFire  . . .     SeeInvis .     b - 106 stones
rCold  . . .     Clarity  .     a - +0 robe
rNeg   + . .     SustAt   .     (no shield)
rPois  ∞         Gourm    .     (no helmet)
rElec  +         Spirit   .     (no cloak)
rCorr  .         Warding  .     (no gloves)
rMut   .         Stasis   .     (no boots)
MR     .....                    (no amulet)
Stlth  ++........               (no ring)
                                f - ring of flight

@: not resistant to hostile enchantments, unstealthy
A: negative energy resistance 1, electricity resistance, unbreathing,
petrification resistance, rot immunity, AC +3
a: Evoke Flight


You were on level 2 of the Dungeon.
You were not hungry.

You visited 1 branch of the dungeon, and saw 3 of its levels.

You collected 104 gold pieces.

Inventory:

Hand Weapons
 k - a +0 dagger
 r - a -3 dagger
Missiles
 b - 106 stones (in hand)
Armour
 a - a +0 robe (worn)
Jewellery
 f - a ring of flight (left hand)
Scrolls
 e - 2 scrolls of teleportation {unknown}
 g - 2 scrolls of blinking {unknown}
 i - 2 scrolls of remove curse
 m - a scroll of amnesia {unknown}
 n - a scroll of enchant armour {unknown}
 o - 3 scrolls of identify
 p - a scroll of immolation {unknown}
Potions
 h - 3 potions of curing {unknown}
 l - a potion of magic {unknown}
 q - 2 potions of might {unknown}
Books
 c - a book of Geomancy

   Spells                             Type                      Level
   a - Sandblast                      Earth                        1
   b - Stoneskin                      Transmutation/Earth          2
   c - Passwall                       Transmutation/Earth          3
   d - Stone Arrow                    Conjuration/Earth            3
   e - Petrify                        Transmutation/Earth          4
   f - Lee's Rapid Deconstruction     Earth                        5
Comestibles
 d - 2 bread rations
 j - a meat ration
 s - 4 chunks of flesh


   Skills:
 - Level 1.7 Dodging
 - Level 2.1 Stealth
 + Level 2.3 Spellcasting
 + Level 1.5 Transmutations
 * Level 5.0 Earth Magic


You had 4 spell levels left.
You knew the following spells:

 Your Spells              Type           Power        Failure   Level  Hunger
a - Sandblast             Erth           ###...       2%          1    #......
b - Stoneskin             Trmt/Erth      ##......     10%         2    ##.....


Dungeon Overview and Level Annotations

Branches:
Dungeon (3/15)

Altars:


Innate Abilities, Weirdness & Mutations

You are resistant to torment.
Your stone body is resilient (AC +3).
You are immune to poison.
You resist negative energy.
You are resistant to electric shocks.
You can survive without breathing.
You are immune to petrification.
You are immune to rotting.


Message History

Press: ? - help, Shift-Dir - straight line, f - orc priest
Aim: an orc priest, wielding a dagger (severely wounded)
The rocky blast misses the orc priest.
The orc priest hits you with a dagger.
* * * LOW HITPOINT WARNING * * *
The orc priest invokes the aid of Beogh against you.
Pain shoots through your body!
* * * LOW HITPOINT WARNING * * *
Casting: Sandblast
Confirm with . or Enter, or press ? or * to list all spells.
You don't have enough magic to cast that spell.
The orc priest miscasts a cantrip.
Casting: Sandblast
Confirm with . or Enter, or press ? or * to list all spells.
Aiming: Sandblast
Press: ? - help, Shift-Dir - straight line, f/p - orc priest
Aim: an orc priest, wielding a dagger (severely wounded)
The rocky blast hits the orc priest.
The orc priest is almost dead.
The orc priest hits you with a dagger.
You die...

#.# #..........#
#.......##. #.#
#..........###.......##.
#.#
######.>#####...........
#.# #..###.........^#..
#.# #...#..##########.#
#÷## #.#...## #.# #..#
##.#..## #.# #####.####
#..#o.### ##.#
#........####.#@....#
#..#
#...............###.#
###.## #.........##..###
#.#### #...##
##........###.## #....#
#.###. ..........##..#
####.# #.....
..........##.##
#.####.####
..........##.#
#..##..#...
..........##.#
###.......##
.......#####.#
####......####


You could see an orc priest.

Vanquished Creatures
  An adder (D:2)
  A worm (D:2)
  2 giant geckos
  An orc (D:3)
  4 giant cockroaches
  6 goblins
  5 hobgoblins
  5 kobolds
  A quokka (D:2)
  2 ball pythons
  12 bats
  6 giant newts
  6 rats
52 creatures vanquished.

Notes
Turn   | Place    | Note
--------------------------------------------------------------
     0 | D:1      | Tomstefer the Gargoyle Earth Elementalist began the quest for the Orb.
     0 | D:1      | Reached XP level 1. HP: 10/10 MP: 3/3
   200 | D:1      | Reached skill level 4 in Earth Magic
   200 | D:1      | Reached XP level 2. HP: 15/15 MP: 3/5
   317 | D:1      | Learned a level 2 spell: Stoneskin
  1059 | D:1      | Reached skill level 1 in Transmutations
  1059 | D:1      | Reached XP level 3. HP: 19/19 MP: 2/6
  1800 | D:2      | Reached XP level 4. HP: 16/24 MP: 0/7
  2035 | D:2      | Reached skill level 5 in Earth Magic
  2195 | D:2      | Slain by an orc priest

Action                   |  1- 3 |  4- 6 || total
-------------------------+-------+-------++-------
Melee: Unarmed           |     3 |     6 ||     9
 Cast: Sandblast         |    69 |    24 ||    93
       Stoneskin         |     4 |       ||     4
  Use: Scroll            |       |     2 ||     2
  Eat: Chunk             |     4 |     1 ||     5
